[ PARTIDA AOE2 · #477439175 ]
UnrankedGodos vs Mongols
Equipo del jugador · VICT
Equipo rival · DERR
[ ANÁLISIS DE REPETICIÓN · EXTRAÍDO DE LA PARTIDA GRABADA ]
Feudal
8:52
Castillos
23:43
Imperial
—
| APM promedio | 67.8 |
| APM pico | 113 |
| eAPM promedio | 33.6 |
| Aldeanos / militares | 60 / 46 |
Foco
⚔️ 46.7% · 🌾 53.3%
Archer ×37 · Militia ×5 · Skirmisher ×3 · Mangonel ×1
Feudal
8:50
Castillos
23:04
Imperial
—
| APM promedio | 98.9 |
| APM pico | 132 |
| eAPM promedio | 62.7 |
| Aldeanos / militares | 51 / 49 |
Foco
⚔️ 65.4% · 🌾 34.6%
Archer ×37 · Knight ×6 · Militia ×6
Mapa de la partida
Recursos iniciales + cada clic de construcción. Líneas = muros · curvas = relieve. ◆ oro · ⬟ piedra · ● bayas · ✦ reliquia · ◌ hueco del cierre
Tu base· Abierta — el rival se encerró
Base de hK | Danyboing· ✓ Cerrada en 23:04 · 32t muro · 1 puerta(s)
Terreno inicial suavizado · ◌ = hueco del cierre detectado · pasá el cursor para detalles
Inputs por minuto
— ReydeCopas - - hK | Danyboing
Build order — ReydeCopas
Primeras 150 de 174 acciones detectadas
| 0:01 | Crear | Villager (Male) |
| 0:02 | Construir | House |
| 0:03 | Construir | House |
| 0:05 | Crear | Villager (Male) |
| 0:08 | Crear | Villager (Male) |
| 0:08 | Crear | Villager (Male) |
| 1:11 | Investigar | Loom |
| 1:11 | Crear | Villager (Male) |
| 1:35 | Crear | Villager (Male) |
| 2:03 | Crear | Villager (Male) |
| 2:17 | Construir | Lumber Camp |
| 2:30 | Crear | Villager (Male) |
| 2:55 | Crear | Villager (Male) |
| 2:55 | Crear | Villager (Male) |
| 2:55 | Crear | Villager (Male) |
| 3:37 | Crear | Villager (Male) |
| 3:40 | Crear | Villager (Male) |
| 3:40 | Crear | Villager (Male) |
| 3:54 | Construir | House |
| 4:33 | Crear | Villager (Male) |
| 4:37 | Crear | Villager (Male) |
| 4:55 | Crear | Villager (Male) |
| 5:13 | Crear | Villager (Male) |
| 5:37 | Construir | Barracks |
| 6:14 | Construir | House |
| 6:16 | Crear | Villager (Male) |
| 6:41 | Investigar | Feudal Age |
| 7:03 | Crear | Militia |
| 7:03 | Crear | Militia |
| 7:03 | Crear | Militia |
| 7:08 | Construir | Mining Camp |
| 7:36 | Crear | Militia |
| 7:53 | Construir | Palisade Wall |
| 8:02 | Crear | Militia |
| 8:22 | Crear | Villager (Male) |
| 8:40 | Construir | House |
| 8:42 | Construir | Palisade Wall |
| 8:42 | Construir | Palisade Wall |
| 8:52 | Edad | Edad Feudal |
| 8:59 | Investigar | Man-at-Arms (upgrade) |
| 9:00 | Investigar | Man-at-Arms (upgrade) |
| 9:12 | Crear | Villager (Male) |
| 9:23 | Construir | Watch Tower |
| 9:25 | Crear | Villager (Male) |
| 9:28 | Crear | Villager (Male) |
| 9:44 | Construir | Archery Range |
| 9:47 | Crear | Villager (Male) |
| 10:19 | Crear | Villager (Male) |
| 10:28 | Crear | Skirmisher |
| 10:41 | Crear | Skirmisher |
| 10:41 | Crear | Villager (Male) |
| 10:44 | Construir | House |
| 10:47 | Construir | House |
| 11:11 | Crear | Archer |
| 11:40 | Crear | Villager (Male) |
| 11:57 | Crear | Villager (Male) |
| 12:01 | Construir | Blacksmith |
| 12:04 | Construir | House |
| 12:16 | Crear | Skirmisher |
| 12:17 | Crear | Villager (Male) |
| 12:23 | Crear | Villager (Male) |
| 12:42 | Crear | Archer |
| 12:48 | Construir | Mill |
| 12:55 | Investigar | Fletching |
| 13:33 | Crear | Villager (Male) |
| 13:35 | Construir | Farm |
| 13:36 | Construir | Farm |
| 13:38 | Construir | Farm |
| 13:39 | Construir | Farm |
| 13:40 | Construir | Farm |
| 13:47 | Crear | Archer |
| 13:54 | Crear | Archer |
| 14:01 | Crear | Archer |
| 14:23 | Crear | Archer |
| 14:25 | Crear | Villager (Male) |
| 14:43 | Crear | Archer |
| 14:45 | Crear | Villager (Male) |
| 15:07 | Construir | Archery Range |
| 15:11 | Crear | Villager (Male) |
| 15:24 | Crear | Archer |
| 15:26 | Crear | Villager (Male) |
| 15:36 | Construir | Farm |
| 15:40 | Crear | Archer |
| 15:40 | Crear | Archer |
| 15:47 | Crear | Villager (Male) |
| 15:51 | Construir | Palisade Wall |
| 15:55 | Crear | Archer |
| 15:55 | Crear | Archer |
| 16:03 | Construir | Farm |
| 16:04 | Crear | Villager (Male) |
| 16:10 | Construir | House |
| 16:15 | Crear | Villager (Male) |
| 16:19 | Crear | Archer |
| 16:27 | Crear | Villager (Male) |
| 16:45 | Construir | House |
| 16:51 | Crear | Villager (Male) |
| 16:53 | Crear | Archer |
| 16:54 | Crear | Archer |
| 17:05 | Investigar | Town Watch |
| 17:12 | Investigar | Double-Bit Axe |
| 17:12 | Investigar | Double-Bit Axe |
| 17:14 | Investigar | Padded Archer Armor |
| 17:14 | Investigar | Padded Archer Armor |
| 17:16 | Crear | Archer |
| 17:17 | Crear | Archer |
| 17:44 | Crear | Archer |
| 17:44 | Crear | Archer |
| 17:57 | Crear | Archer |
| 17:57 | Crear | Archer |
| 17:58 | Crear | Archer |
| 18:06 | Crear | Villager (Male) |
| 18:11 | Construir | House |
| 18:12 | Construir | House |
| 18:13 | Crear | Villager (Male) |
| 18:17 | Construir | Palisade Wall |
| 18:24 | Construir | Farm |
| 18:28 | Construir | Farm |
| 18:30 | Construir | Farm |
| 18:39 | Crear | Villager (Male) |
| 18:42 | Construir | House |
| 18:54 | Construir | Farm |
| 18:55 | Construir | Farm |
| 19:00 | Construir | Farm |
| 19:02 | Crear | Archer |
| 19:02 | Crear | Archer |
| 19:03 | Crear | Villager (Male) |
| 19:40 | Crear | Villager (Male) |
| 19:42 | Crear | Archer |
| 19:52 | Construir | Farm |
| 19:56 | Construir | Farm |
| 19:57 | Construir | Farm |
| 20:04 | Construir | House |
| 20:07 | Construir | Palisade Wall |
| 20:09 | Crear | Villager (Male) |
| 20:11 | Crear | Archer |
| 20:11 | Crear | Archer |
| 20:20 | Crear | Villager (Male) |
| 20:36 | Construir | Lumber Camp |
| 21:03 | Investigar | Castle Age |
| 21:03 | Investigar | Castle Age |
| 21:04 | Crear | Archer |
| 21:04 | Crear | Archer |
| 21:30 | Investigar | Horse Collar |
| 21:40 | Crear | Archer |
| 21:41 | Crear | Archer |
| 21:52 | Construir | Watch Tower |
| 22:01 | Crear | Villager (Male) |
| 22:11 | Investigar | Gold Mining |
| 22:17 | Crear | Archer |
| 22:18 | Crear | Archer |
Build order — hK | Danyboing
Primeras 150 de 184 acciones detectadas
| 0:00 | Crear | Villager (Male) |
| 0:01 | Construir | House |
| 0:02 | Construir | House |
| 0:03 | Crear | Villager (Male) |
| 0:06 | Crear | Villager (Male) |
| 0:06 | Crear | Villager (Male) |
| 1:11 | Crear | Villager (Male) |
| 1:42 | Crear | Villager (Male) |
| 1:43 | Crear | Villager (Male) |
| 2:04 | Crear | Villager (Male) |
| 2:22 | Construir | Lumber Camp |
| 2:25 | Crear | Villager (Male) |
| 2:46 | Crear | Villager (Male) |
| 3:39 | Crear | Villager (Male) |
| 3:42 | Crear | Villager (Male) |
| 4:12 | Construir | House |
| 4:28 | Crear | Villager (Male) |
| 4:57 | Crear | Villager (Male) |
| 5:00 | Construir | Mill |
| 5:02 | Crear | Villager (Male) |
| 5:43 | Crear | Villager (Male) |
| 6:11 | Construir | Barracks |
| 6:14 | Investigar | Loom |
| 6:16 | Investigar | Feudal Age |
| 7:03 | Crear | Militia |
| 7:03 | Crear | Militia |
| 7:06 | Construir | Mining Camp |
| 7:29 | Construir | House |
| 7:33 | Construir | Palisade Wall |
| 7:44 | Construir | House |
| 7:45 | Construir | Palisade Wall |
| 7:47 | Crear | Villager (Male) |
| 7:54 | Crear | Militia |
| 7:58 | Crear | Militia |
| 8:50 | Edad | Edad Feudal |
| 8:57 | Construir | Archery Range |
| 9:01 | Investigar | Man-at-Arms (upgrade) |
| 9:10 | Crear | Villager (Male) |
| 9:30 | Crear | Villager (Male) |
| 9:50 | Crear | Villager (Male) |
| 10:01 | Construir | Palisade Wall |
| 10:02 | Construir | House |
| 10:03 | Construir | Palisade Wall |
| 10:04 | Construir | Palisade Wall |
| 10:06 | Construir | Palisade Wall |
| 10:09 | Construir | Palisade Wall |
| 10:17 | Crear | Archer |
| 10:27 | Crear | Villager (Male) |
| 10:35 | Crear | Archer |
| 10:46 | Crear | Villager (Male) |
| 10:56 | Construir | House |
| 11:00 | Construir | Palisade Wall |
| 11:01 | Construir | Palisade Wall |
| 11:01 | Construir | Palisade Wall |
| 11:11 | Crear | Archer |
| 11:13 | Crear | Villager (Male) |
| 11:28 | Crear | Archer |
| 11:32 | Crear | Villager (Male) |
| 11:36 | Construir | Palisade Wall |
| 11:40 | Construir | Farm |
| 11:49 | Construir | Blacksmith |
| 11:57 | Crear | Archer |
| 12:15 | Crear | Archer |
| 12:24 | Crear | Archer |
| 12:25 | Crear | Militia |
| 12:38 | Crear | Villager (Male) |
| 12:39 | Crear | Archer |
| 12:45 | Crear | Archer |
| 12:53 | Construir | House |
| 12:53 | Construir | Palisade Wall |
| 12:59 | Crear | Archer |
| 13:03 | Crear | Villager (Male) |
| 13:06 | Construir | Farm |
| 13:13 | Crear | Villager (Male) |
| 13:24 | Crear | Archer |
| 13:29 | Crear | Archer |
| 13:30 | Crear | Militia |
| 13:48 | Crear | Villager (Male) |
| 13:51 | Crear | Villager (Male) |
| 14:04 | Construir | House |
| 14:07 | Crear | Archer |
| 14:13 | Crear | Archer |
| 14:28 | Crear | Villager (Male) |
| 14:29 | Crear | Archer |
| 14:31 | Crear | Villager (Male) |
| 14:38 | Investigar | Fletching |
| 14:38 | Investigar | Fletching |
| 14:39 | Construir | House |
| 14:49 | Construir | Farm |
| 14:49 | Construir | Farm |
| 14:58 | Crear | Villager (Male) |
| 15:08 | Crear | Villager (Male) |
| 15:16 | Construir | Watch Tower |
| 15:26 | Construir | Watch Tower |
| 15:29 | Crear | Archer |
| 15:49 | Crear | Villager (Male) |
| 15:54 | Crear | Villager (Male) |
| 15:57 | Crear | Villager (Male) |
| 16:00 | Construir | Farm |
| 16:01 | Construir | Farm |
| 16:01 | Construir | Farm |
| 16:12 | Crear | Archer |
| 16:19 | Construir | Farm |
| 16:32 | Crear | Villager (Male) |
| 16:42 | Crear | Villager (Male) |
| 16:45 | Construir | Palisade Wall |
| 16:46 | Construir | Palisade Wall |
| 16:48 | Construir | Palisade Wall |
| 16:49 | Crear | Villager (Male) |
| 16:52 | Construir | Farm |
| 16:55 | Crear | Archer |
| 17:05 | Construir | Palisade Wall |
| 17:06 | Construir | Palisade Wall |
| 17:15 | Construir | Palisade Wall |
| 17:17 | Construir | Palisade Wall |
| 17:18 | Construir | House |
| 17:23 | Construir | Farm |
| 17:23 | Crear | Villager (Male) |
| 17:32 | Crear | Villager (Male) |
| 17:44 | Crear | Villager (Male) |
| 18:07 | Crear | Archer |
| 18:09 | Crear | Villager (Male) |
| 18:18 | Construir | Archery Range |
| 18:22 | Crear | Villager (Male) |
| 18:24 | Construir | House |
| 18:32 | Construir | Palisade Wall |
| 18:46 | Crear | Archer |
| 18:57 | Crear | Archer |
| 19:16 | Construir | Lumber Camp |
| 19:32 | Crear | Villager (Male) |
| 19:33 | Crear | Archer |
| 19:34 | Crear | Archer |
| 19:34 | Crear | Archer |
| 19:44 | Construir | Farm |
| 19:50 | Construir | Farm |
| 20:17 | Construir | Farm |
| 20:24 | Investigar | Castle Age |
| 20:26 | Crear | Archer |
| 20:26 | Crear | Archer |
| 20:43 | Crear | Archer |
| 20:43 | Crear | Archer |
| 21:00 | Construir | Stable |
| 21:06 | Investigar | Double-Bit Axe |
| 21:27 | Construir | Farm |
| 21:31 | Construir | Farm |
| 21:32 | Crear | Archer |
| 21:42 | Crear | Archer |
| 21:55 | Investigar | Bloodlines |
| 22:05 | Construir | Farm |
| 22:09 | Construir | Farm |
Cronología de la partida
| 5:37 | ReydeCopas · first_building Barracks |
| 6:11 | hK | Danyboing · first_building Barracks |
| 7:33 | hK | Danyboing · wall_segment Palisade Wall x1 |
| 7:45 | hK | Danyboing · wall_segment Palisade Wall x1 |
| 7:53 | ReydeCopas · wall_segment Palisade Wall x1 |
| 8:42 | ReydeCopas · wall_segment Palisade Wall x1 |
| 8:42 | ReydeCopas · wall_segment Palisade Wall x1 |
| 8:50 | hK | Danyboing · age_up feudal |
| 8:52 | ReydeCopas · age_up feudal |
| 8:57 | hK | Danyboing · first_building Archery Range |
| 9:44 | ReydeCopas · first_building Archery Range |
| 10:01 | hK | Danyboing · wall_segment Palisade Wall x1 |
| 10:03 | hK | Danyboing · wall_segment Palisade Wall x1 |
| 10:04 | hK | Danyboing · wall_segment Palisade Wall x1 |
| 10:06 | hK | Danyboing · wall_segment Palisade Wall x1 |
| 10:09 | hK | Danyboing · wall_segment Palisade Wall x3 |
| 11:00 | hK | Danyboing · wall_segment Palisade Wall x1 |
| 11:01 | hK | Danyboing · wall_segment Palisade Wall x1 |
| 11:01 | hK | Danyboing · wall_segment Palisade Wall x1 |
| 11:36 | hK | Danyboing · wall_segment Palisade Wall x1 |
| 12:53 | hK | Danyboing · wall_segment Palisade Wall x5 |
| 15:51 | ReydeCopas · wall_segment Palisade Wall x1 |
| 16:45 | hK | Danyboing · wall_segment Palisade Wall x1 |
| 16:46 | hK | Danyboing · wall_segment Palisade Wall x1 |
| 16:48 | hK | Danyboing · wall_segment Palisade Wall x2 |
| 17:05 | hK | Danyboing · wall_segment Palisade Wall x1 |
| 17:06 | hK | Danyboing · wall_segment Palisade Wall x1 |
| 17:15 | hK | Danyboing · wall_segment Palisade Wall x7 |
| 17:17 | hK | Danyboing · wall_segment Palisade Wall x1 |
| 18:17 | ReydeCopas · wall_segment Palisade Wall x1 |
| 18:32 | hK | Danyboing · wall_segment Palisade Wall x1 |
| 20:07 | ReydeCopas · wall_segment Palisade Wall x1 |
| 21:00 | hK | Danyboing · first_building Stable |
| 23:04 | hK | Danyboing · age_up castle |
| 23:43 | ReydeCopas · age_up castle |
| 23:57 | hK | Danyboing · first_building Siege Workshop |
| 24:02 | ReydeCopas · first_building Siege Workshop |
| 26:38 | hK | Danyboing · resign |
[ ANÁLISIS IA · 1 CRÉDITO ]
¿Qué pasó realmente en esta partida?
Wolo.gg analiza cada decisión: build order, eco, micro, errores típicos por bracket. Análisis personalizado por WhatsApp o Discord en 30 segundos.
Guía civ
Godos
Perfil
Jugador #20927991